 Dungeon Crawl Stone Soup version 0.29.0-13-gc9e81de378 (webtiles) character file.

Game seed: 174706885807755617

13932 Ashen the Frost Mage (level 11, -22/91 HPs)
             Began as a Demonspawn Ice Elementalist on Sept 7, 2022.
             Was a Priest of Vehumet.
             Hit by a large rock thrown by a stone giant (32 damage)
             ... on level 1 of the Orcish Mines.
             The game lasted 00:36:51 (13151 turns).

Ashen the Frost Mage (Demonspawn Ice Elementalist) Turns: 13151, Time: 00:36:51

Health: -22/91     AC: 11    Str:  8    XL:     11   Next: 82%
Magic:  0/32       EV: 15    Int: 21    God:    Vehumet [***...]
Gold:   590        SH:  9    Dex: 14    Spells: 16/27 levels left

rFire   . . .      SeeInvis +   P - +1 dagger (venom)
rCold   . . .      Faith    .   (no shield)
rNeg    . . .      Spirit   +   U - +1 troll leather armour
rPois   .          Reflect  +   k - +0 helmet
rElec   .          Harm     .   l - +0 cloak
rCorr   .          Rampage  .   (no gloves)
Will    .....                   T - +2 pair of boots {Fly}
Stlth   +++.......              q - amulet of reflection
HPRegen 1.05/turn               m - ring of magical power
MPRegen 0.46/turn               S - ring of see invisible

@: flying
A: rugged brown scales 1, magic shield, magic regeneration, condensation shield,
bedeviling, demonic touch 2
a: Renounce Religion


You were on level 1 of the Orcish Mines.
You worshipped Vehumet.
Vehumet was most pleased with you.
You visited 3 branches of the dungeon, and saw 15 of its levels.
You also visited: Sewer and Ossuary.

You collected 1205 gold pieces.
You spent 615 gold pieces at shops.

Inventory:

Hand Weapons
 P - a +1 dagger of venom (weapon)
 Q - a +2 scimitar of flaming
Missiles
 d - a throwing net
Armour
 k - a +0 helmet (worn)
 l - a +0 cloak (worn)
 O - a +1 robe of fire resistance
 T - a +2 pair of boots of flying (worn)
 U - a +1 troll leather armour (worn)
Jewellery
 a - a ring of wizardry
 m - a ring of magical power (left hand)
 q - an amulet of reflection (around neck)
 S - a ring of see invisible (right hand)
Wands
 f - a wand of polymorph (7)
 h - a wand of flame (14)
 i - a wand of charming (5)
 N - a wand of digging (3)
Scrolls
 n - 4 scrolls of identify
 p - a scroll of enchant weapon
 s - 2 scrolls of teleportation
 t - 4 scrolls of butterflies
 u - 5 scrolls of brand weapon
 v - 2 scrolls of blinking
 z - 4 scrolls of immolation
 A - 4 scrolls of torment
 E - a scroll of fear {unknown}
 G - a scroll of amnesia
 I - 3 scrolls of magic mapping
 J - a scroll of summoning {unknown}
 M - a scroll of vulnerability
 V - a scroll of poison
Potions
 b - a potion of magic
 c - a potion of heal wounds
 e - a potion of lignification {unknown}
 g - 3 potions of cancellation
 o - 8 potions of curing
 r - 3 potions of brilliance
 x - 4 potions of might
 B - 2 potions of haste
 C - a potion of attraction
 D - a potion of invisibility
 F - 2 potions of flight
 H - 3 potions of degeneration
 K - a potion of mutation
 L - a potion of ambrosia {unknown}
 W - a potion of berserk rage


   Skills:
 + Level 9.4 Fighting
 + Level 8.9 Dodging
 - Level 5.0 Stealth
 + Level 8.9 Spellcasting
 + Level 9.4 Ice Magic


You had 16 spell levels left.
You knew the following spells:

 Your Spells              Type           Power      Damage    Failure   Level
a - Freeze                Ice            100%       1d11      1%          1
b - Frozen Ramparts       Ice            98%        1d15      1%          3
c - Ozocubu's Armour      Ice            49%        N/A       1%          3
d - Hailstorm             Conj/Ice       29%        3d8       4%          4

Your spell library contained the following spells:

 Spells                   Type           Power      Damage    Failure   Level
 Searing Ray              Conj           18%        2d5       4%          2
 Static Discharge         Conj/Air       9%         3-5/arc   4%          2
 Confusing Touch          Hex            14%        N/A       32%         3
 Lightning Bolt           Conj/Air       4%         1d16      56%         5
 Yara's Violent Unravell  Hex/Tmut       7%         3d5       56%         5
 Summon Lightning Spire   Summ/Air       9%         N/A       71%         4
 Enfeeble                 Hex            7%         N/A       100%        7
 Storm Form               Tmut/Air       4%         N/A       100%        7
 Maxwell's Capacitive Co  Air            4%         ∞         100%        8


Dungeon Overview and Level Annotations

Branches:
Dungeon (12/15)            Temple (1/1) D:6            Lair (0/5) D:9
    Orc (2/2) D:10            Elf (0/3) Orc:2         Sewer (visited)
Ossuary (visited)

Altars:
Ashenzari
Cheibriados
Dithmenos
Fedhas
Gozag
Hepliaklqana
Kikubaaqudgha
Makhleb
Nemelex Xobeh
Okawaru
Qazlal
Ru
Sif Muna
Trog
Uskayaw
Vehumet
Wu Jian
Xom
Yredelemnul

Shops:
D:4 *   D:8 =   D:9 *   Orc:2 (

Annotations:
D:8 exclusion: ice statue


Innate Abilities, Weirdness & Mutations

You are partially covered in rugged brown scales. (AC +1, +3% HP)
When hurt, damage is shared between your health and your magic reserves.
You regenerate magic rapidly.
A meltable shield of frost defends you. (SH +4)
Your hexes are more powerful.
Your touch may inflict irresistible damage on your foes.


Message History

The large rock completely misses you.
Okay, then.
There are monsters nearby!
You swing at nothing.
You swing at nothing.
The stone giant throws a large rock.
The large rock hits your troll!!
Your troll dies!
The troll leather armour is intact enough to wear.
Casting: Ozocubu's Armour (safe; 1% risk of failure)
Confirm with . or Enter, or press ? or * to list all spells.
Casting: Hailstorm (dangerous; 4% risk of failure)
Press: ? - help, Dir - look around, f - activate
Okay, then.
You swing at nothing.
Okay, then.
Casting: Hailstorm (dangerous; 4% risk of failure)
Confirm with . or Enter, or press ? or * to list all spells.
Casting: Hailstorm (dangerous; 4% risk of failure)
Press: ? - help, Dir - look around, f - activate A cannonade of hail descends around you!
The hail pelts the troll!
The troll is almost dead.
The hail pelts the stone giant!
The stone giant is severely wounded.
Casting: Hailstorm (dangerous; 4% risk of failure)
Confirm with . or Enter, or press ? or * to list all spells.
Casting: Hailstorm (dangerous; 4% risk of failure)
Press: ? - help, Dir - look around, f - activate A cannonade of hail descends around you!
The hail pelts the stone giant but does no damage.
The stone giant is severely wounded.
Unknown command.
The stone giant attacks as you move away!
The stone giant closely misses you.
The stone giant throws a large rock.
The large rock hits you!!
* * * LOW HITPOINT WARNING * * *
The stone giant throws a large rock.
The large rock hits you.
* * * LOW HITPOINT WARNING * * *
The stone giant throws a large rock.
The large rock hits you!!!
You die...

###......###..#....#
#......#####...C..####
#.............T#.....##
##.............###C....#
#.....###...[C<.##....####
#...####......####....#..#
.#..#.#.......###.......##
.##...#.........#...#..##
###........#....@...####
#.........#........#
###.......###.##...##
.#.#.##..## ######.#
#.#####.## #.## .#### ###
### .##.# ....# ^...#


You could see a stone giant (poisoned).

Vanquished Creatures
  A hydra (D:11)
  A boulder beetle (D:11)
  Erica (D:8)
  2 two-headed ogres
  An orc knight (D:10)
  An orc sorcerer (Orc:1)
  Maggie (D:6)
  A kobold demonologist (D:11)
  2 trolls (D:10)
  Sigmund (D:5)
  4 wraiths
  2 vampires
  A water elemental (D:12)
  13 yaks (D:10)
  A wyvern (D:9)
  A shadow (D:11)
  2 steam dragons (D:9)
  Edmund (D:4)
  A warg (Orc:1)
  A water moccasin (D:7)
  Menkaure (D:5)
  5 orc warriors
  2 sky beasts
  4 black bears
  5 centaurs
  3 ogres
  A phantom (D:5)
  4 kobold brigands
  An elf zombie (Ossuary)
  4 bullfrogs
  A gnoll sergeant (D:10)
  2 necrophages (D:5)
  4 scorpions
  7 wights
  10 killer bees
  A howler monkey (D:4)
  3 hounds
  3 jellies
  11 orc priests
  8 orc wizards
  3 iguanas
  Natasha (thrice) (D:2)
  3 mummies (Ossuary)
  13 adders
  11 gnolls
  5 river rats (Sewer)
  A white imp (D:5)
  4 worms (D:4)
  4 dart slugs
  33 orcs
  3 bats
  10 endoplasms
  9 giant cockroaches
  17 goblins
  3 hobgoblins
  3 quokkas
  15 ball pythons
  A frilled lizard (D:1)
  5 goblin zombies (Ossuary)
  4 hobgoblin zombies (Ossuary)
  28 kobolds
  A kobold zombie (Ossuary)
  24 rats
322 creatures vanquished.

Vanquished Creatures (others)
  A troll (Orc:1)
  A human (D:9)
  10 fungi (D:9)
  15 plants
27 creatures vanquished.

Grand Total: 349 creatures vanquished

Notes
Turn   | Place    | Note
-------+----------+-------------------------------------------
     0 | D:1      | Ashen the Demonspawn Ice Elementalist began the quest for
                  | the Orb.
     0 | D:1      | Reached XP level 1. HP: 13/13 MP: 3/3
   478 | D:1      | Gained mutation: You regenerate magic rapidly. [demonic
                  | ancestry]
   478 | D:1      | Reached XP level 2. HP: 10/20 MP: 0/5
   882 | D:1      | Reached skill level 1 in Fighting
  1274 | D:2      | Reached XP level 3. HP: 25/26 MP: 4/6
  1393 | D:2      | Noticed Natasha
  1402 | D:2      | Killed Natasha
  1416 | D:2      | Learned a level 3 spell: Frozen Ramparts
  1445 | D:2      | Learned a level 3 spell: Ozocubu's Armour
  1463 | D:2      | Gained mutation: You are partially covered in rugged brown
                  | scales. (AC +1, +3% HP) [demonic ancestry]
  1463 | D:2      | Reached XP level 4. HP: 24/32 MP: 4/7
  1623 | D:2      | Noticed Natasha
  1630 | D:2      | Killed Natasha
  1711 | D:2      | Noticed Natasha
  1720 | D:2      | Killed Natasha
  2286 | D:3      | Gained mutation: A meltable shield of frost defends you.
                  | (SH +4) [demonic ancestry]
  2286 | D:3      | Reached XP level 5. HP: 37/39 MP: 9/9
  2983 | D:3      | Found a burning altar of Makhleb.
  3212 | D:4      | Gained mutation: Your touch may inflict minor irresistible
                  | damage on your foes. [demonic ancestry]
  3212 | D:4      | Reached XP level 6. HP: 23/47 MP: 10/10
  3676 | D:4      | Found Beagi's CLEARANCE SALE!.
  3686 | D:4      | Bought a scroll of identify for 6 gold pieces
  3997 | D:4      | Noticed Edmund
  4006 | D:4      | Killed Edmund
  4007 | D:4      | Reached XP level 7. HP: 22/53 MP: 12/12
  4524 | D:5      | Entered Level 5 of the Dungeon
  4538 | D:5      | Learned a level 4 spell: Hailstorm
  4588 | D:5      | Noticed Sigmund
  4629 | D:5      | Killed Sigmund
  4630 | D:5      | Reached skill level 5 in Ice Magic
  4670 | D:5      | Found a glowing drain.
  4686 | Sewer    | Entered a sewer
  4923 | Sewer    | Gained mutation: Your touch may inflict irresistible damage
                  | on your foes. [demonic ancestry]
  4923 | Sewer    | Reached XP level 8. HP: 43/61 MP: 14/14
  5979 | D:5      | Reached skill level 5 in Stealth
  6046 | D:5      | Noticed Menkaure
  6055 | D:5      | Killed Menkaure
  6209 | D:5      | Reached skill level 5 in Dodging
  6209 | D:5      | Reached skill level 5 in Spellcasting
  6317 | D:6      | Reached skill level 5 in Fighting
  6356 | D:6      | Found a sand-covered staircase.
  6362 | D:6      | Identified the +3 scale mail of Masom {rF+}
  6416 | D:6      | Found a bloodstained altar of Trog.
  6435 | Ossuary  | Entered an ossuary
  6484 | Ossuary  | Gained mutation: When hurt, damage is shared between your
                  | health and your magic reserves. [demonic ancestry]
  6484 | Ossuary  | Reached XP level 9. HP: 60/70 MP: 16/16
  7098 | D:6      | Found a staircase to the Ecumenical Temple.
  7110 | Temple   | Entered the Ecumenical Temple
  7450 | Temple   | Became a worshipper of Vehumet
  7683 | D:6      | Noticed Maggie
  7698 | D:6      | Killed Maggie
  8284 | D:7      | Found a shimmering blue altar of Sif Muna.
  8578 | D:7      | Found a hide-covered altar of Uskayaw.
  8869 | D:7      | Reached * piety under Vehumet
  8869 | D:7      | Offered knowledge of Magic Dart by Vehumet.
  9144 | D:8      | Found Nufil's Jewellery Shop.
  9149 | D:8      | Bought an amulet of reflection for 330 gold pieces
  9434 | D:8      | Gained mutation: Your hexes are more powerful. [demonic
                  | ancestry]
  9434 | D:8      | Reached XP level 10. HP: 78/79 MP: 19/19
  9437 | D:8      | Noticed an ice statue
  9512 | D:8      | Noticed Erica
  9524 | D:8      | Killed Erica
  9631 | D:8      | Found an iron altar of Okawaru.
 10150 | D:9      | Found an ancient bone altar of Kikubaaqudgha.
 10266 | D:9      | Found Oteupiw's General Store.
 10286 | D:9      | Bought a +2 pair of boots of flying for 279 gold pieces
 10339 | D:9      | Found a shimmering altar of Xom.
 10588 | D:9      | Found a staircase to the Lair.
 10743 | D:10     | Entered Level 10 of the Dungeon
 10824 | D:10     | Offered knowledge of Scorch by Vehumet.
 10909 | D:10     | Reached ** piety under Vehumet
 11145 | D:10     | Found a staircase to the Orcish Mines.
 11157 | D:10     | Noticed a two-headed ogre
 11160 | D:10     | Reached XP level 11. HP: 88/88 MP: 17/22
 11167 | D:10     | Killed a two-headed ogre
 11492 | D:10     | Identified the +2 short sword of the Empty Page {vamp,
                  | Dex+2 Stlth+}
 11872 | D:11     | Noticed a two-headed ogre
 11892 | D:11     | Killed a two-headed ogre
 11893 | D:11     | Offered knowledge of Searing Ray by Vehumet.
 11976 | D:11     | Noticed a boulder beetle
 12018 | D:11     | Killed a boulder beetle
 12135 | D:11     | Noticed a seven-headed hydra
 12145 | D:11     | Killed a seven-headed hydra
 12589 | D:12     | Reached *** piety under Vehumet
 12632 | Orc:1    | Entered Level 1 of the Orcish Mines
 12842 | Orc:2    | Entered Level 2 of the Orcish Mines
 12842 | Orc:2    | Found a staircase to the Elven Halls.
 12843 | Orc:2    | Found Muymadul's Antique Weapon Shop.
 12844 | Orc:2    | Noticed a stone giant
 12845 | Orc:2    | Noticed a two-headed ogre
 12846 | Orc:2    | Noticed a two-headed ogre
 12847 | Orc:2    | Noticed an ogre mage
 12847 | Orc:2    | Noticed a two-headed ogre
 12848 | Orc:2    | Noticed a two-headed ogre
 12849 | Orc:1    | Noticed an orc knight
 12855 | Orc:1    | Noticed an orc sorcerer
 12957 | Orc:1    | Killed an orc sorcerer
 13004 | D:10     | Killed an orc knight
 13114 | Orc:2    | Noticed a two-headed ogre
 13144 | Orc:1    | HP: 3/91 [stone giant/large rock (4)]
 13151 | Orc:1    | Hit by a large rock thrown by a stone giant

Illustrated notes

Levels and vault maps discovered:
D:1:      dpeg_arrival_pits, layout_loops_ring, chequers_serial_rivers_large_a
D:2:      layout_rooms, uniq_natasha
D:3:      layout_rooms, lightli_temple_of_fire, minmay_stone_trees_medium
D:4:      minmay_polygon_palace, layout_basic, dreamdust_divine_triumvirate,
          nicolae_shop_clearance, uniq_edmund
D:5:      layout_loops_ring, portal_sewer_entry_b,
          hangedman_abyss_or_decor_lesser_grid, uniq_sigmund, uniq_menkaure
D:6:      layout_rooms, mainiacjoe_overflow_boulevard,
          minmay_temple_entry_glass, chequers_ossuary_entry_cave,
          chequers_serial_rivers_micro_b, kennysheep_dice, uniq_maggie
D:7:      layout_loops_cross, mainiacjoe_overflow_small_starburst,
          nicolae_sif_muna_condensation
D:8:      lemuel_ice_statue, layout_rooms, kennysheep_okawaru_gauntlet,
          serial_shops, nicolae_shop_hallway_plus, uniq_erica
D:9:      layout_loops_ring, mainiacjoe_overflow_surrounded_room,
          tgw_kikubaaqudgha, grunt_lair_entry_orc_guard_hut, serial_shops,
          nicolae_shop_crystal, minmay_holes, nicolae_benzene_ring,
          minmay_misc_feat_rugged, minivault_25
D:10:     layout_loops_ring, orc_0_dummy, lemuel_flamethrower_2
D:11:     layout_rooms
D:12:     layout_layer_cave, serial_bayou_lagoon_a, uniq_josephine, uniq_psyche
Temple:   minmay_temple_forest_path
Orc:1:    layout_diamond_mine
Orc:2:    st_orc_open, layout_caves, basic_altar

Skill      XL: |  1  2  3  4  5  6  7  8  9 10 11 |
---------------+----------------------------------+-----
Dodging        | 2 3 4 5 6 7 8 |  8.9
Stealth        | 2 3 4 5 |  5.0
Fighting       | 1 2 3 5 6 8 9 |  9.4
Ice Magic      | 4 5 6 7 8 9 |  9.4
Spellcasting   | 3 4 5 6 7 8 |  8.9

Action                   |  1- 3 |  4- 6 |  7- 9 | 10-12 || total
-------------------------+-------+-------+-------+-------++-------
Melee: Dagger            |    28 |    57 |    26 |    40 ||   151
       Unarmed           |     2 |       |       |       ||     2
       Punch             |       |     1 |     1 |     2 ||     4
       Touch             |       |     6 |    50 |    62 ||   118
       Short sword       |       |       |   233 |   146 ||   379
       Spear             |       |       |    18 |       ||    18
       Scimitar          |       |       |       |    17 ||    17
 Cast: Freeze            |    31 |    93 |    53 |    27 ||   204
       Frozen Ramparts   |       |     6 |    30 |    27 ||    63
       Ozocubu's Armour  |       |     3 |    30 |    28 ||    61
       Hailstorm         |       |       |     4 |    28 ||    32
Evoke: Wand              |       |       |     1 |    11 ||    12
  Use: Scroll            |       |     5 |    19 |     2 ||    26
       Potion            |       |       |       |     4 ||     4
 Stab: Sleeping          |     3 |     5 |    11 |     3 ||    22
Armor: Robe              |    14 |     6 |    10 |    17 ||    47
       Leather armour    |       |    39 |   104 |       ||   143
       Troll leather arm |       |       |       |    64 ||    64
Dodge: Dodged            |    33 |    74 |   166 |   196 ||   469
Block: Other             |       |     7 |    46 |   165 ||   218
       Reflection        |       |       |     1 |     4 ||     5
